 Dungeon Crawl Stone Soup version 0.21.1-35-gfefc1aa2bb (webtiles) character file.

536 IceCat the Magician (level 7, 0/36 HPs)
             Began as a Deep Elf Air Elementalist on Aug 1, 2018.
             Engulfed by a cloud of flame (28 damage)
             ... on level 4 of the Dungeon.
             The game lasted 00:21:33 (3977 turns).

IceCat the Magician (Deep Elf Air Elementalist)     Turns: 3977, Time: 00:21:34

Health: 0/36       AC:  3    Str:  5    XL:     7   Next: 4%
Magic:  18/18      EV: 13    Int: 22    God:
Gold:   200        SH:  4    Dex: 15    Spells: 11/18 levels left

rFire    . . .     SeeInvis .   r - +2 dagger (elec)
rCold    . . .     Gourm    .   (no shield)
rNeg     . . .     Faith    .   a - +0 robe
rPois    .         Spirit   .   (no helmet)
rElec    .         Reflect  +   s - +0 cloak
rCorr    .         Harm     .   (no gloves)
MR       .....                  (no boots)
Stlth    ++........             e - +4 amulet of reflection
HPRegen  0.12/turn              (no ring)
MPRegen  0.16/turn              (no ring)

@: no status effects
A: no striking features
a: no special abilities


You were on level 4 of the Dungeon.
You were very hungry.

You visited 2 branches of the dungeon, and saw 5 of its levels.

You collected 200 gold pieces.

Inventory:

Hand Weapons
 r - a +2 dagger of electrocution (weapon)
Armour
 a - a +0 robe (worn)
 s - a +0 cloak (worn)
Jewellery
 e - a +4 amulet of reflection (around neck)
 m - an uncursed amulet of the gourmand {unknown}
Wands
 p - a wand of flame (49)
Scrolls
 g - 3 scrolls of identify
 i - a scroll of amnesia {unknown}
 l - a scroll of random uselessness {unknown}
 n - a scroll of teleportation {unknown}
 q - 2 scrolls of remove curse
Potions
 d - 2 potions of ambrosia {unknown}
 f - a potion of lignification {unknown}
 h - a potion of invisibility {unknown}
 j - 2 potions of curing {unknown}
 k - a potion of degeneration {unknown}
 o - 2 potions of haste
 t - a potion of brilliance {unknown}
 u - a potion of flight {unknown}
Books
 b - a book of Air

   Spells                             Type                      Level
   a - Shock                          Conjuration/Air              1
   b - Swiftness                      Charms/Air                   2
   c - Static Discharge               Conjuration/Air              3
   d - Airstrike                      Air                          4
   e - Lightning Bolt                 Conjuration/Air              5
Comestibles
 c - 12 rations


   Skills:
 + Level 3.0 Dodging
 + Level 3.1 Stealth
 + Level 6.0 Spellcasting
 + Level 3.1 Conjurations
 + Level 0.1 Charms
 * Level 5.9 Air Magic


You had 11 spell levels left.
You knew the following spells:

 Your Spells              Type           Power        Failure   Level  Hunger
a - Shock                 Conj/Air       ####         1%          1    None
b - Swiftness             Chrm/Air       ###.....     4%          2    None
c - Airstrike             Air            ####......   8%          4    ###....


Dungeon Overview and Level Annotations

Branches:
Dungeon (4/15)             Temple (1/1) D:4

Altars:
Ashenzari
Cheibriados
Elyvilon
Fedhas
Gozag
Kikubaaqudgha
Nemelex Xobeh
Qazlal
Sif Muna
Trog
Uskayaw
Vehumet
Xom
Zin
The Shining One

Annotations:
Temple Edmund


Message History

The giant cockroach is almost dead.
Casting: Shock
Confirm with . or Enter, or press ? or * to list all spells.
Aiming: Shock
Press: ? - help, Shift-Dir - straight line, f/p - giant cockroach
Aim: a giant cockroach (almost dead)
The zap hits the giant cockroach.
You kill the giant cockroach!
u - a viscous grey potion
Found a stone staircase leading up.
c - 12 rations (gained 1)
You open the door.
There is an open door here.
There is an open door here.
Found a radiant altar of Vehumet.
Found a spear.
Really walk into a travel-excluded area?
You are engulfed in blazing flames.
Ouch! That really hurt!
You die...

.. #'# #.#
#####.######
#.....§....##
#.##...§....#
#.#.....§...#
.#.####.##..@§§§..#
..................#
#.####.###.###.....
#.# #.# ####
#.###.# #.....#
#####.# ## #### #.#
.. ..# #.#


There were no monsters in sight!

Vanquished Creatures
  Menkaure (D:4)
  A bullfrog (D:4)
  An orc priest (D:3)
  A hound (D:2)
  An orc wizard (D:3)
  Natasha (thrice) (D:3)
  An iguana (D:4)
  2 worker ants (D:4)
  4 adders (D:2)
  A worm (D:2)
  3 leopard geckos
  11 orcs
  A ball python (D:2)
  10 bats
  6 giant cockroaches
  6 hobgoblins
  7 jackals
  A quokka (D:2)
  2 frilled lizards (D:2)
  3 goblins (D:2)
  5 kobolds
  3 rats (D:3)
74 creatures vanquished.

Vanquished Creatures (others)
  An orc (D:4)
1 creature vanquished.

Grand Total: 75 creatures vanquished

Notes
Turn   | Place    | Note
-------+----------+-------------------------------------------
     0 | D:1      | IceCat the Deep Elf Air Elementalist began the quest for the Orb.
     0 | D:1      | Reached XP level 1. HP: 10/10 MP: 6/6
   356 | D:1      | Reached XP level 2. HP: 15/15 MP: 6/8
   967 | D:2      | Reached XP level 3. HP: 13/19 MP: 1/9
  1087 | D:2      | Learned a level 2 spell: Swiftness
  1349 | D:2      | Reached XP level 4. HP: 24/24 MP: 2/11
  1395 | D:2      | Found a glowing silver altar of Zin.
  1438 | D:2      | Reached skill level 4 in Spellcasting
  1444 | D:2      | Learned a level 4 spell: Airstrike
  1613 | D:3      | Reached XP level 5. HP: 12/28 MP: 3/13
  1835 | D:3      | Noticed Natasha
  1849 | D:3      | Killed Natasha
  2121 | D:3      | Noticed Natasha
  2123 | D:3      | Killed Natasha
  2231 | D:3      | Found a white marble altar of Elyvilon.
  2234 | D:3      | Reached skill level 5 in Spellcasting
  2533 | D:3      | Noticed Natasha
  2534 | D:3      | Killed Natasha
  2534 | D:3      | Reached XP level 6. HP: 32/32 MP: 6/15
  2717 | D:3      | Found a bloodstained altar of Trog.
  2739 | D:3      | Found a faded altar of an unknown god.
  2860 | D:4      | Found a snail-covered altar of Cheibriados.
  2895 | D:4      | Reached skill level 5 in Air Magic
  3187 | D:4      | Found a staircase to the Ecumenical Temple.
  3212 | Temple   | Entered the Ecumenical Temple
  3478 | D:4      | Found a glowing golden altar of the Shining One.
  3513 | D:4      | Noticed Edmund
  3849 | D:4      | Noticed Menkaure
  3854 | D:4      | Killed Menkaure
  3854 | D:4      | Reached skill level 6 in Spellcasting
  3854 | D:4      | Reached XP level 7. HP: 14/36 MP: 11/18
  3972 | D:4      | Found a radiant altar of Vehumet.
  3977 | D:4      | Engulfed by a cloud of flame

Skill      XL: |  1  2  3  4  5  6 |
---------------+-------------------+-----
Conjurations   | 2 3 |  3.1
Air Magic      | 4 5 |  5.9
Spellcasting   | 4 5 6 |  6.0
Stealth        | 3 |  3.1
Dodging        | 3 |  3.0
Charms         | |  0.1

Action                   |  1- 3 |  4- 6 |  7- 9 || total
-------------------------+-------+-------+-------++-------
Melee: Dagger            |     2 |       |       ||     2
 Cast: Shock             |    71 |    64 |     5 ||   140
       Airstrike         |       |    26 |       ||    26
       Swiftness         |       |     2 |       ||     2
  Use: Scroll            |       |     3 |       ||     3
  Eat: Chunk             |     1 |    11 |       ||    12
Armor: Robe              |     1 |     4 |       ||     5
Dodge: Dodged            |    19 |    18 |       ||    37
Block: Other             |       |     2 |       ||     2
       Reflection        |       |     1 |       ||     1
